Map: Rifts to Korhal

Players

wasp

  • Race: Protoss Protoss

larsgj

  • Race: Terran Terran

VOD

Have the link to the VOD?

Description

Time

  • Played on: Oct. 2, 2018, 9:15 a.m.
  • Length: 29:17
Show
View Real Time Build Order
Export as new Build Order

wasp Protoss 

Build Orders:  

Get SALT Encoding   

    0:00  Probe x12 (Chrono Boost)  
    0:09  Unknown x3  
  12  0:31  Pylon  
  12  0:45  Pylon  
  12  1:28  Gateway  
  12  1:37  Gateway  
  12  1:43  Forge  
  12  2:13  Assimilator  
  12  2:24  Assimilator  
  12  2:36  Supplicant x2  
  16  2:54  Cybernetics Core  
  16  2:59  Supplicant x2  
  20  4:09  Probe (Chrono Boost)  
  21  4:23  Probe (Chrono Boost)  
  24  4:30  Slayer  
  24  4:37  Probe (Chrono Boost)  
  25  4:45  Havoc  
  26  4:50  Probe (Chrono Boost)  
  27  5:04  Probe (Chrono Boost)  
  28  5:43  Probe (Chrono Boost)  
  29  5:50  Warp Gate  
  29  5:57  Probe (Chrono Boost)  
  30  6:50  Death Council  
  30  6:57  Robotics Facility  
  30  7:21  Pylon  
  30  7:33  Pylon  
  30  7:46  Supplicant x4  
  38  8:13  Havoc  
  38  8:18  Slayer  
  38  8:19  Warp Prism  
  43  8:50  Havoc  
  46  9:00  Slayer  
  46  9:06  Pylon  
  46  9:13  Pylon  
  46  9:26  Pylon  
  44  9:47  Warp Prism  
  46  9:58  Blood Shields  
  46  10:58  Phase Blink  
  21  11:58  Slayer x2  
  29  12:40  Slayer x2  
  29  13:12  Vanguard  
  21  15:11  Supplicant x4  
  29  15:29  Vanguard  
  33  16:09  Havoc x2  
  35  16:24  Vanguard  
  39  16:33  Pylon  
  39  17:19  Vanguard  
  29  18:43  Slayer x2  
  33  19:17  Warp Prism  
  35  19:29  Havoc  
  36  19:31  Havoc  
  37  19:51  Warp Prism  
  37  20:04  Warp Prism  
  37  20:07  Warp Prism  
  37  20:09  Warp Prism  
  39  20:23  Supplicant x2  
  39  20:24  Supplicant x2  
  41  20:57  Warp Prism  
  27  21:22  Supplicant x4  
  33  21:47  Supplicant x2, Warp Prism  
  39  21:59  Supplicant x2  
  41  22:39  Warp Prism  
  43  22:57  Supplicant x2  
  47  23:09  Warp Prism x2  
  47  23:10  Warp Prism  
  47  23:14  Havoc  
  48  23:22  Warp Prism x3  
  48  23:29  Warp Prism x3  
  48  24:31  Warp Prism  
  48  24:35  Supplicant x2  
  54  24:45  Havoc  
  55  26:18  Warp Prism  
Show
View Real Time Build Order
Export as new Build Order

larsgj Terran 

Build Orders:  

Get SALT Encoding   

    0:00  Orbital Command, SCV x12  
    0:09  Unknown  
  12  0:14  SCV  
  13  0:35  SCV  
  13  0:39  Supply Depot  
  14  0:52  SCV  
  15  1:09  SCV, Supply Depot  
  16  1:16  Barracks  
  16  1:26  SCV  
  17  1:43  SCV  
  17  1:44  Supply Depot  
  18  1:59  Refinery  
  18  2:00  SCV, Marine  
  20  2:17  SCV  
  21  2:20  Supply Depot  
  21  2:27  Refinery  
  21  2:34  SCV  
  22  2:49  Marine  
  22  2:51  SCV  
  24  3:03  Supply Depot  
  24  3:08  SCV  
  25  3:25  SCV  
  26  3:33  Unknown  
  26  3:42  SCV, Supply Depot  
  26  3:45  Factory  
  27  3:55  Barracks Tech Lab  
  27  3:59  SCV  
  29  4:13  Marine  
  29  4:15  SCV  
  30  4:23  Marine  
  31  4:32  SCV  
  31  4:33  Marine  
  33  4:43  Medic  
  33  4:49  SCV  
  36  4:57  Supply Depot  
  36  5:06  SCV  
  37  5:23  Stabilizer Medpacks, SCV  
  37  5:26  Starport  
  37  5:29  Supply Depot  
  38  5:40  SCV  
  38  5:49  Marine  
  39  5:57  SCV  
  41  6:00  Marine  
  42  6:10  Marine  
  42  6:12  Barracks  
  42  6:14  SCV  
  44  6:20  Marine  
  44  6:21  Barracks  
  45  6:30  Medic  
  45  6:31  SCV  
  48  6:40  Marine  
  48  6:46  Engineering Bay  
  48  6:48  SCV  
  50  6:51  Marine  
  50  6:52  Starport Tech Lab  
  51  7:01  Medic  
  51  7:05  Fusion Core, SCV  
  54  7:16  Barracks Tech Lab  
  54  7:17  Starport  
  54  7:23  Marine  
  55  7:30  SCV  
  55  7:33  Medic  
  58  7:47  SCV  
  58  7:48  Terran Infantry Weapons Level 1  
  59  8:04  Armory, SCV  
  60  8:21  SCV  
  61  8:32  Marine  
  61  8:33  Medic  
  64  8:42  Starport Tech Lab  
  64  8:43  Marine, Medic  
  67  8:53  Marine, Medic  
  70  9:03  Marine x2  
  72  9:13  Medic  
  72  9:14  Marine  
  75  9:23  Marine  
  75  9:24  Medic  
  78  10:25  Terran Vehicle And Ship Armor Level 1  
  78  11:06  Command Center  
  77  11:26  Battlecruiser  
  78  11:32  Supply Depot  
  78  11:34  Supply Depot  
  56  12:03  Supply Depot  
  56  12:06  Supply Depot  
  56  12:33  Battlecruiser  
  62  12:42  Supply Depot  
  62  12:48  Supply Depot  
  62  12:58  SCV  
  63  13:00  Refinery  
  63  13:02  Marine x2  
  63  13:05  Terran Vehicle and Ship Weapons Level 1  
  65  13:12  Marine x2  
  65  13:15  SCV, Supply Depot  
  65  13:19  Supply Depot  
  68  13:22  Marine x2, Refinery  
  70  13:32  SCV, Marine  
  70  13:33  Marine  
  73  13:43  Medic  
  73  13:49  SCV  
  76  14:05  Battlecruiser  
  76  14:06  SCV  
  83  14:23  SCV  
  84  14:35  Marine, Medic  
  87  14:40  SCV  
  87  14:45  Marine, Medic  
  91  14:55  Marine x2  
  91  14:57  SCV  
  94  15:01  Orbital Command  
  94  15:14  SCV  
  95  15:31  SCV  
  89  15:51  Battlecruiser  
  89  15:54  Battlecruiser  
  101  16:30  Weapon Refit  
  101  16:32  Terran Vehicle and Ship Weapons Level 2  
  101  16:58  Battlecruiser  
  107  17:11  Battlecruiser  
  105  18:11  Medic  
  105  18:12  Medic  
  107  18:22  Medic x2  
  108  18:32  Medic x2  
  112  18:42  Medic x2  
  114  18:52  Medic  
  116  19:07  Battlecruiser x2  
  128  19:42  Terran Vehicle And Ship Armor Level 2  
  116  20:04  Battlecruiser x2  
  128  20:46  Battlecruiser  
  134  21:19  Battlecruiser  
  140  21:52  Battlecruiser  
  140  22:32  Battlecruiser  
  146  22:53  Battlecruiser  
  116  23:53  Battlecruiser x2  
  110  24:35  Battlecruiser  
  116  24:52  Battlecruiser  
  122  25:34  Battlecruiser  
  128  26:09  Battlecruiser  
  132  27:17  Battlecruiser x2  
Tags
 
Commander
AlarakRaynor
Matchup
Co-op
Replay Pack
Multiplayer
Add a new tag
Caveats
  • Supply blocks, unpowered buildings, or Contaminate may cause inaccurate times.
  • Supply counts are checked every 10 seconds.